Get step-by-step instructions on how to execute this build order below. Start the game timer, and the build order will tick by so you can play in parallel with StarCraft on a second screen or mobile device.

Game Time

  0:00

Last Step

  N/A

Next Step

Upcoming Step



Don't want to look back and forth between 2 screens? Try out our Overwolf App, the Spawning Tool Build Advisor to get an in-game overlay with this build!

Complete Build Order

  12  0:00  Probe  
  13  0:12  Probe  
  14  0:17  Pylon  
  14  0:24  Probe (Chrono Boost)  
  15  0:36  Probe (Chrono Boost)  
  15  0:37  Gateway  
  16  0:44  Probe (Chrono Boost)  
  16  0:46  Assimilator  
  17  0:51  Probe  
  17  0:54  Assimilator  
  18  1:03  Probe (Chrono Boost)  
  19  1:07  Gateway  
  20  1:12  Probe (Chrono Boost)  
  20  1:17  Probe (Chrono Boost)  
  20  1:24  Cybernetics Core  
  21  1:29  Probe  
  22  1:35  Pylon  
  22  1:41  Probe  
  23  2:00  Robotics Facility  
  23  2:01  Warp Gate  
  23  2:02  Stalker  
  25  2:11  Stalker  
  25  2:15  Pylon  
  27  2:32  Stalker  
  29  2:41  Stalker  
  31  2:45  Immortal (Chrono Boost)  
  35  2:56  Pylon  
  34  3:04  Stalker  
  36  3:16  Warp Prism (Chrono Boost)  
  38  3:45  Immortal (Chrono Boost)  
  42  3:58  Sentry x2  
  42  3:59  Pylon  
  42  4:00  Pylon  
  46  4:21  Immortal (Chrono Boost)  
  50  4:24  Adept  
  50  4:25  Adept  
  54  4:45  Adept x2  
  58  4:48  Pylon  
  58  5:06  Sentry, Adept  
  62  5:08  Probe  
  59  5:41  Adept x2